 Dungeon Crawl Stone Soup version 0.21-a0-150-gc243083 (webtiles) character file.

208 AverageBear the Cutter (level 5, -10/31 HPs)
             Began as a Deep Elf Fighter on July 27, 2017.
             Was an Initiate of Ashenzari.
             Killed by divine providence
             ... invoked by an orc priest
              (15 damage)
             ... on level 4 of the Dungeon on July 28, 2017.
             The game lasted 00:05:10 (3398 turns).

AverageBear the Cutter (Deep Elf Fighter)           Turns: 3398, Time: 00:05:11

Health: -10/31     AC:  6    Str: 14    XL:     5   Next: 55%
Magic:  7/7        EV: 10    Int: 13    God:    Ashenzari [......]
Gold:   170        SH:  8    Dex: 14    Spells: 4/4 levels left

rFire    . . .     SeeInvis .   a - +0 rapier
rCold    . . .     Gourm    .   v - +0 buckler
rNeg     . . .     Faith    .   b - +0 scale mail
rPois    +         Spirit   .   (no helmet)
rElec    .         Reflect  .   (no cloak)
rCorr    .         Harm     .   (no gloves)
MR       .....                  (no boots)
Stlth    ..........             (no amulet)
HPRegen  0.10/turn              (no ring)
MPRegen  0.10/turn              (no ring)

@: no status effects
A: large bone plates 1, poison resistance
a: Curse Item, Renounce Religion


You were on level 4 of the Dungeon.
You worshipped Ashenzari.
Ashenzari was noncommittal.
You were not hungry.

You visited 1 branch of the dungeon, and saw 4 of its levels.

You collected 170 gold pieces.

Inventory:

Hand Weapons
 a - a +0 rapier (weapon)
Armour
 b - a +0 scale mail (worn)
 c - a +0 shield
 v - a +0 buckler (worn)
Jewellery
 u - an uncursed ring of resist corrosion
Scrolls
 i - 2 scrolls of random uselessness {unknown}
 k - 3 scrolls of teleportation {unknown}
 l - 2 scrolls of magic mapping {unknown}
 m - 4 scrolls of remove curse
 o - a scroll of fog {unknown}
 q - 3 scrolls of recharging
 r - a scroll of identify {unknown}
Potions
 d - 2 potions of might
 e - a potion of flight
 g - 2 potions of curing
 p - a potion of mutation
Comestibles
 f - 4 bread rations
 h - 6 chunks of flesh
 j - a fruit
 n - a royal jelly
 t - a meat ration


   Skills:
 - Level 2.4 Fighting
 - Level 5.1 Short Blades
 - Level 2.4 Armour
 + Level 3.1 Dodging
 - Level 2.4 Shields


You had 4 spell levels left.
You didn't know any spells.

Dungeon Overview and Level Annotations

Branches:
Dungeon (4/15)
 Temple: D:4-7

Altars:
Ashenzari
Trog


Innate Abilities, Weirdness & Mutations

You are partially covered in large bone plates. (SH +4)
Your system is resistant to poisons. (rPois)


Message History

You are too injured to fight recklessly!
You are too injured to fight recklessly!
You are too injured to fight recklessly!
An orc priest is nearby!
You closely miss the orc priest. The orc priest closely misses you.
Some of the chunks of flesh in your inventory have rotted away.
You closely miss the orc priest. You barely miss the orc priest.
The orc priest closely misses you.
You puncture the orc priest!
The orc priest is heavily wounded.
The orc priest hits you with a flail.
You closely miss the orc priest.
The orc priest is heavily wounded.
The orc priest hits you with a flail. The orc hits you with a war axe!
* * * LOW HITPOINT WARNING * * *
You puncture the orc priest!
The orc priest is almost dead.
The orc priest calls down the wrath of Beogh upon you.
Beogh smites you!
You die...

................
.......o........
#oo....# #......#
#l.$...# #......#
#.o....##
##########..........
#..<..@o............
#......o............
#...................
.......................
.......................
...##########.....#####
... #.....# .. #.....#
....


You could see an orc priest and an orc.

Vanquished Creatures
  4 gnolls (D:3)
  5 adders
  An ooze (D:2)
  6 worms
  A dart slug (D:3)
  4 leopard geckos
  8 orcs (D:3)
  9 bats
  A giant cockroach (D:1)
  11 goblins
  13 hobgoblins
  4 jackals (D:3)
  2 quokkas
  5 frilled lizards
  5 kobolds (D:2)
  12 rats
91 creatures vanquished.

Notes
Turn   | Place    | Note
-------+----------+-------------------------------------------
     0 | D:1      | AverageBear the Deep Elf Fighter began the quest for the Orb.
     0 | D:1      | Reached XP level 1. HP: 13/13 MP: 3/3
   297 | D:1      | Reached XP level 2. HP: 17/18 MP: 4/4
   402 | D:1      | Reached skill level 3 in Short Blades
   577 | D:2      | Reached XP level 3. HP: 22/22 MP: 5/5
   589 | D:2      | Found a bloodstained altar of Trog.
   902 | D:2      | HP: 1/22 [hobgoblin (4)]
  1303 | D:2      | Reached skill level 4 in Short Blades
  1700 | D:2      | Reached XP level 4. HP: 25/27 MP: 6/6
  2039 | D:3      | Reached skill level 5 in Short Blades
  2040 | D:3      | HP: 1/27 [jackal (1)]
  2613 | D:3      | Found a shattered altar of Ashenzari.
  2619 | D:3      | Became a worshipper of Ashenzari the Shackled
  2632 | D:3      | Reached skill level 1 in Dodging
  2632 | D:3      | Reached XP level 5. HP: 29/31 MP: 7/7
  2781 | D:3      | Gained mutation: You are partially covered in large bone plates. (SH +4) [potion of mutation]
  2781 | D:3      | Gained mutation: Your system is resistant to poisons. (rPois) [potion of mutation]
  3398 | D:4      | Killed from afar by an orc priest

Vault maps used:
D:1:      minmay_arrival_split_and_join
D:2:      cheibrodos_old_hovel, bloody_trog, first_bread
D:3:      evilmike_ruin_ashenzari
D:4:      grunt_decor_mini_mirrors, minmay_surrounded

Skill      XL: |  1  2  3  4  5 |
---------------+----------------+-----
Short Blades   | 3 4 5 |  5.1
Dodging        | 1 3 |  3.1
Fighting       | |  2.4
Armour         | |  2.4
Shields        | |  2.4

Action                   |  1- 3 |  4- 6 || total
-------------------------+-------+-------++-------
Melee: Rapier            |   140 |   226 ||   366
  Use: Scroll            |     1 |       ||     1
       Potion            |       |     5 ||     5
  Eat: Chunk             |     3 |     5 ||     8
Armor: Scale mail        |    50 |   110 ||   160
Dodge: Dodged            |    24 |    99 ||   123
Block: Shield            |    49 |    27 ||    76
       Buckler           |       |    63 ||    63
